 Dungeon Crawl Stone Soup version 0.25-a0-665-ga69d64035b (webtiles) character file.

Game seed: 16448831174608595016, levelgen mode: deterministic

77 Chromatus the Skirmisher (level 4, -3/29 HPs)
             Began as a Gargoyle Fighter on Mar 26, 2020.
             Was an Initiate of Okawaru.
             Killed from afar by a white imp (5 damage)
             ... with a puff of frost
             ... summoned by Xom
             ... on level 3 of the Dungeon.
             The game lasted 00:06:27 (1121 turns).

Chromatus the Skirmisher (Gargoyle Fighter)         Turns: 1121, Time: 00:06:28

Health: -3/29      AC: 10    Str: 21    XL:     4   Next: 33%
Magic:  4/4        EV:  7    Int:  8    God:    Okawaru [......]
Gold:   43         SH:  9    Dex:  9    Spells: 3/3 levels left

rFire    . . .     SeeInvis .   a - +0 war axe
rCold    . . .     Gourm    .   c - +0 kite shield
rNeg     + . .     Faith    .   b - +0 scale mail
rPois    ∞         Spirit   .   (no helmet)
rElec    +         Reflect  .   (no cloak)
rCorr    .         Harm     .   (no gloves)
MR       .....                  (no boots)
Stlth    ..........             (no amulet)
HPRegen  0.09/turn              (no ring)
MPRegen  0.09/turn              (no ring)

@: no status effects
A: negative energy resistance 1, electricity resistance, unbreathing,
petrification resistance, rot immunity, AC +3
a: Renounce Religion


You were on level 3 of the Dungeon.
You worshipped Okawaru.
Okawaru was noncommittal.
You were not hungry.

You visited 1 branch of the dungeon, and saw 3 of its levels.

You collected 43 gold pieces.

Inventory:

Hand Weapons
 a - a +0 war axe (weapon)
Armour
 b - a +0 scale mail (worn)
 c - a +0 kite shield (worn)
Wands
 t - a wand of flame (18)
   (You found it on level 3 of the Dungeon)
Scrolls
 g - a scroll of blinking {unknown}
 i - 2 scrolls of identify {unknown}
 j - 4 scrolls of teleportation {unknown}
Potions
 d - a potion of might
 f - a potion of degeneration {unknown}
 h - a potion of cancellation {unknown}
 k - a potion of stabbing {unknown}
 l - a potion of mutation {unknown}
 m - a potion of brilliance {unknown}
Comestibles
 e - 4 rations {!d}


   Skills:
 + Level 3.8 Fighting
 * Level 2.9 Axes
 + Level 3.8 Armour
 + Level 3.8 Shields


You had 3 spell levels left.
You didn't know any spells.
Your spell library was empty.

Dungeon Overview and Level Annotations

Branches:
Dungeon (3/15)

Altars:
Ashenzari
Elyvilon
Okawaru
Xom


Innate Abilities, Weirdness & Mutations

You are resistant to torment.
Your stone body is resilient. (AC +3)
You are immune to poison.
You resist negative energy. (rN+)
You are resistant to electric shocks. (rElec)
You can survive without breathing.
You are immune to petrification.
You are immune to rotting.


Message History

The white imp gestures at you. The puff of frost hits you.
The shadow imp hits you. The crimson imp barely misses you.
You closely miss the shadow imp. You miss the ufetubus.
You barely miss the white imp. You closely miss the shadow imp.
You closely miss the crimson imp.
The ufetubus hits you but does no damage.
You block the ufetubus's attack.
The ufetubus hits you but does no damage.
The ufetubus hits you.
The white imp hits you but does no damage.
The shadow imp hits you but does no damage.
The crimson imp hits you but does no damage.
The shadow imp barely misses you.
The white imp hits you but does no damage.
The ufetubus hits you but does no damage.
The ufetubus barely misses you.
The shadow imp hits you but does no damage.
You block the shadow imp's attack. The crimson imp hits you.
You closely miss the shadow imp. You barely miss the ufetubus.
You slash the white imp!
You hit the shadow imp but do no damage.
You hit the crimson imp but do no damage.
The ufetubus hits you. x2
* * * LOW HITPOINT WARNING * * *
The white imp hits you.
* * * LOW HITPOINT WARNING * * *
The white imp freezes you.
* * * LOW HITPOINT WARNING * * *
The shadow imp hits you but does no damage.
The crimson imp closely misses you. The shadow imp hits you.
* * * LOW HITPOINT WARNING * * *
You block the ufetubus's attack.
The ufetubus hits you but does no damage.
Your shield and scale mail prevent you from hitting the shadow imp.
You hit the crimson imp.
You kill the crimson imp!
You closely miss the shadow imp. You closely miss the white imp.
You barely miss the ufetubus.
The ufetubus hits you but does no damage.
You block the ufetubus's attack. You block the white imp's attack.
The shadow imp gestures at you. Pain shoots through your body!
* * * LOW HITPOINT WARNING * * *
The shadow imp hits you but does no damage.
You block the ufetubus's attack. The ufetubus barely misses you.
The white imp hits you but does no damage.
The white imp gestures at you. The puff of frost hits you.
You die...

###..............#
#...............##
#.######.#.####### ## #.
#.#........ .. # #.#.#######
#. #####..>#
####.###......#..##
#.....5######.....#
#.#..#5@5.....##.)######
#.#.#.5.5.....##........
######.#.#.######....#.#..###
...........# #.####.##..##
##<.......#######.####.###..#
#..###.......#.........# ##.#
#......##..#...........# #>.
####..####.............# ##.
#..# #.............#####.


You could see 2 white imps, 2 shadow imps and an ufetubus.

Vanquished Creatures
  4 adders
  An ooze (D:2)
  2 worms (D:2)
  A leopard gecko (D:2)
  An orc (D:3)
  3 giant cockroaches
  A goblin (D:3)
  5 hobgoblins
  4 bats
  4 kobolds
  3 rats
29 creatures vanquished.

Vanquished Creatures (others)
  A bat (D:3)
1 creature vanquished.

Grand Total: 30 creatures vanquished

Notes
Turn   | Place    | Note
-------+----------+-------------------------------------------
     0 | D:1      | Chromatus the Gargoyle Fighter began the quest for the Orb.
     0 | D:1      | Reached XP level 1. HP: 14/14 MP: 1/1
    63 | D:1      | You fall into a shaft and drop 1 floor!
   128 | D:2      | Reached XP level 2. HP: 19/19 MP: 2/2
   350 | D:2      | Reached XP level 3. HP: 18/23 MP: 3/3
   470 | D:2      | Found an iron altar of Okawaru.
   470 | D:2      | Found a faded altar of an unknown god.
   475 | D:2      | Found a white marble altar of Elyvilon.
   477 | D:2      | Found a faded altar of an unknown god.
   479 | D:2      | Found a shattered altar of Ashenzari.
   513 | D:2      | Became a worshipper of Elyvilon the Healer
   513 | D:2      | Reached * piety under Elyvilon
   522 | D:2      | Fell from the grace of Elyvilon
   522 | D:2      | Became a worshipper of Xom of Chaos
   543 | D:2      | Fell from the grace of Xom
   543 | D:2      | Became a worshipper of Warmaster Okawaru
   977 | D:3      | Found a white marble altar of Elyvilon.
   992 | D:3      | Reached XP level 4. HP: 24/29 MP: 4/4
  1114 | D:3      | XOM: summons 6 hostile demons
  1121 | D:3      | Killed from afar by a white imp

Levels and vault maps discovered:
D:1:      lightli_arrival_flooded_house, layout_loops_ring, minmay_pentomino_q4
D:2:      layout_rooms, chequers_temple_overflow_minitemple
D:3:      layout_rooms, elyvilon_altar_4

Skill      XL: |  1 |
---------------+----+-----
Axes           | 2 |  2.9
Fighting       | |  3.8
Armour         | |  3.8
Shields        | |  3.8

Action                   |  1- 3 |  4- 6 || total
-------------------------+-------+-------++-------
Melee: War axe           |   122 |    15 ||   137
  Eat: Chunk             |     1 |       ||     1
Armor: Scale mail        |    74 |    22 ||    96
Dodge: Dodged            |    49 |    17 ||    66
Block: Kite shield       |    57 |    15 ||    72

Table legend:
 A = Non-vault XP
 B = Vault XP
 C = Vault XP percentage of total XP
 D = Non-vault monster count
 E = Vault monster count
 F = Vault count percentage of total count
                 A         B        C        D         E       F
            +---------+---------+-------+---------+---------+-------
      Total |     110 |       0 |   0.0 |      29 |       0 |   0.0
            +---------+---------+-------+---------+---------+-------
        D:1 |       4 |       0 |   0.0 |       3 |       0 |   0.0
        D:2 |      67 |       0 |   0.0 |      18 |       0 |   0.0
        D:3 |      39 |       0 |   0.0 |       8 |       0 |   0.0
            +---------+---------+-------+---------+---------+-------
